 Dungeon Crawl Stone Soup version 0.22-a0-136-g83a10e5 (webtiles) character file.

28 varam the Firebug (level 2, 0/19 HPs)
             Began as a Demonspawn Fire Elementalist on Feb 3, 2018.
             Succumbed to an adder's poison
             ... on level 3 of the Dungeon.
             The game lasted 00:04:16 (1543 turns).

varam the Firebug (Demonspawn Fire Elementalist)    Turns: 1543, Time: 00:04:17

Health: 0/19       AC:  2    Str:  7 (8)  XL:     2   Next: 96%
Magic:  3/5        EV: 12    Int: 13 (16) God:
Gold:   71         SH:  0    Dex: 10 (13) Spells: 2/5 levels left

rFire    . . .     SeeInvis .   f - +0 short sword
rCold    . . .     Gourm    .   (no shield)
rNeg     . . .     Faith    .   a - +0 robe
rPois    .         Spirit   .   (no helmet)
rElec    .         Reflect  .   (no cloak)
rCorr    .         Harm     .   (no gloves)
MR       .....                  (no boots)
Stlth    +.........             (no amulet)
HPRegen  0.06/turn              (no ring)
MPRegen  0.09/turn              (no ring)

@: lethally poisoned (0 -> -15)
A: hooves 1
a: no special abilities


You were on level 3 of the Dungeon.
You were not hungry.

You visited 1 branch of the dungeon, and saw 3 of its levels.

You collected 71 gold pieces.

Inventory:

Hand Weapons
 f - a +0 short sword (weapon)
Missiles
 g - 20 stones (quivered)
Armour
 a - a +0 robe (worn)
Scrolls
 e - 2 scrolls of remove curse {unknown}
 h - a scroll of blinking {unknown}
 i - a scroll of amnesia {unknown}
 k - a scroll of identify {unknown}
 m - a scroll of magic mapping {unknown}
Potions
 d - a potion of degeneration
 j - a potion of brilliance {unknown}
 n - a potion of heal wounds {unknown}
Books
 b - a book of Flames

   Spells                             Type                      Level
   a - Flame Tongue                   Conjuration/Fire             1
   b - Throw Flame                    Conjuration/Fire             2
   c - Conjure Flame                  Conjuration/Fire             3
   d - Inner Flame                    Hexes/Fire                   3
   e - Sticky Flame                   Conjuration/Fire             4
   f - Fireball                       Conjuration/Fire             5
Comestibles
 c - 2 rations
 l - 3 chunks of flesh


   Skills:
 + Level 0.0 Fighting
 - Level 1.7 Dodging
 - Level 1.7 Stealth
 - Level 2.0 Spellcasting
 * Level 2.4 Conjurations
 + Level 3.1 Fire Magic


You had 2 spell levels left.
You knew the following spells:

 Your Spells              Type           Power        Failure   Level  Hunger
a - Flame Tongue          Conj/Fire      #....        9%          1    ##.....
b - Throw Flame           Conj/Fire      #.....       12%         2    ###....


Dungeon Overview and Level Annotations

Branches:
Dungeon (3/15)

Altars:


Innate Abilities, Weirdness & Mutations

You have large cloven feet.


Message History

Aim: a ball python The flame tongue hits the adder.
The adder is moderately wounded.
You feel sick. The adder bites you.
Casting: Flame Tongue (safe; 7% risk of failure)
Confirm with . or Enter, or press ? or * to list all spells.
Aiming: Flame Tongue (safe; 7% risk of failure)
Press: ? - help, Shift-Dir - straight line, f/p - ball python
Aim: a ball python The flame tongue misses the adder.
The flame tongue hits the ball python.
You kill the ball python!
* * * LOW HITPOINT WARNING * * *
You feel sick. The adder bites you.
* * * LOW HITPOINT WARNING * * *
You are more poisoned.
The adder poisons you!
It was a potion of degeneration.
There was something very wrong with that liquid.
You feel weakened.
You feel dopey.
You feel clumsy.
You die...

#.# ### ###.# #.# .....
...####.# #.#.#
........###########.#.#
#....SS@...##.#.#
............####.##.#.######
...####...### #...........#
#.#.# #.#######.### #.#..
#.# #.# .>##.# #.# #.# ##(#
.# #.# #.# #.# .# #.# #.#
### #.#


You could see an adder and a ball python.

Vanquished Creatures
  A dart slug (D:1)
  A leopard gecko (D:3)
  An orc (D:2)
  2 giant cockroaches (D:1)
  A goblin (D:1)
  3 hobgoblins
  6 kobolds
  2 ball pythons
  A bat (D:1)
  2 frilled lizards (D:1)
  3 rats (D:1)
23 creatures vanquished.

Notes
Turn   | Place    | Note
-------+----------+-------------------------------------------
     0 | D:1      | varam the Demonspawn Fire Elementalist began the quest for the Orb.
     0 | D:1      | Reached XP level 1. HP: 13/13 MP: 3/3
   535 | D:1      | Gained mutation: You have large cloven feet. [demonic ancestry]
   535 | D:1      | Reached XP level 2. HP: 19/19 MP: 0/5
   612 | D:1      | Reached skill level 2 in Conjurations
   684 | D:1      | Reached skill level 3 in Fire Magic
   963 | D:1      | Learned a level 2 spell: Throw Flame
   989 | D:2      | HP: 1/19 [kobold/whip (3)]
  1453 | D:2      | Found a faded altar of an unknown god.
  1542 | D:3      | HP: 1/19 [adder (3)]
  1543 | D:3      | Succumbed to an adder's poison

Vault maps used:
D:1:      dpeg_arrival_radiant
D:2:      grunt_temple_overflow_open, chequers_ecumenical_altar_simple_redux,
          first_ration
D:3:      grunt_qazlal_clouds, nrook_mini_vaults

Skill      XL: |  1  2 |
---------------+-------+-----
Conjurations   | 2 |  2.4
Fire Magic     | 3 |  3.1
Dodging        | |  1.7
Stealth        | |  1.7
Spellcasting   | |  2.0

Action                   || total
-------------------------++-------
Melee: Short sword       ||    10
       Dagger            ||     4
       Kick              ||     2
Throw: Stone             ||     7
 Cast: Flame Tongue      ||    40
       Throw Flame       ||     2
  Use: Potion            ||     1
  Eat: Ration            ||     1
Armor: Robe              ||     6
Dodge: Dodged            ||    22

Table legend:
 A = Spawn XP
 B = Non-spawn XP
 C = Spawn XP percentage of total XP
 D = Spawn monster count
 E = Non-spawn monster count
 F = Spawn count percentage of total count
 G = Total turns spent on level
                    A         B        C        D         E        F      G
               +---------+---------+-------+---------+---------+-------+---------
         Total |       0 |      40 |   0.0 |       0 |      23 |   0.0 |  1543
               +---------+---------+-------+---------+---------+-------+---------
           D:1 |       0 |      26 |   0.0 |       0 |      16 |   0.0 |  1322
           D:2 |       0 |      10 |   0.0 |       0 |       5 |   0.0 |   156
           D:3 |       0 |       4 |   0.0 |       0 |       2 |   0.0 |    65
               +---------+---------+-------+---------+---------+-------+---------
